 Dungeon Sprint DCSS version 0.27-a0-869-g165b36e3f0 (webtiles) character file.

Game seed: 17210172444117393864

2032 rocky1 the Nimble (level 9, -5/70 HPs)
             Began as a Djinni Fire Elementalist on Apr 3, 2021.
             Was the Champion of Makhleb.
             Slain by an ogre
             ... wielding a +0 giant club
              (22 damage)
             ... in the Dungeon (Sprint VII: "The Pits").
             The game lasted 00:12:11 (2352 turns).

rocky1 the Nimble (Djinni Fire Elementalist)        Turns: 2352, Time: 00:12:11

Health: -5/70      AC: 11    Str:  7    XL:     9   Next: 23%
Gold:   0          EV: 14    Int: 23    God:    Makhleb [******] SH:  0 Dex: 17

rFire    + + .     SeeInvis .   a - +2 scimitar (holy)
rCold    x . .     Faith    .   (no shield)
rNeg     . . .     Spirit   .   o - +5 ring mail
rPois    ∞         Reflect  .   (no helmet)
rElec    .         Harm     .   (no cloak)
rCorr    .         Rampage  .   (no gloves)
Will     .....     NoTele   +   (boots unavailable)
Stlth    +.........             (no amulet)
HPRegen  0.21/turn              j - +3 ring of dexterity
MPRegen  0.00/turn              g - +3 ring of intelligence

@: flying, slowed, very slow
A: fire resistance 2, cold vulnerability 1, float, innate caster, hp casting,
extra vitality 1
a: Renounce Religion, Minor Destruction, Lesser Servant of Makhleb, Major
Destruction, Greater Servant of Makhleb


You were in the Dungeon.
You worshipped Makhleb.
Makhleb was exalted by your worship.
You visited 1 branch

Inventory:

Hand Weapons
 a - a +2 scimitar of holy wrath (weapon)
 k - a +0 long sword of flaming
 n - a +1 scimitar of flaming
Armour
 o - a +5 ring mail (worn)
Jewellery
 g - a +3 ring of intelligence (right hand)
 j - a +3 ring of dexterity (left hand)
Scrolls
 i - a scroll of summoning
Potions
 b - 2 potions of magic
 c - 3 potions of curing
 d - 7 potions of heal wounds
 e - 4 potions of haste
 f - a potion of berserk rage
 h - 2 potions of invisibility
 l - a potion of brilliance
 m - a potion of mutation


   Skills:
 + Level 8.2 Fighting
 - Level 8.7 Long Blades
 - Level 7.3 Armour
 + Level 9.5 Dodging
 - Level 1.8 Stealth
 * Level 8.0 Spellcasting
 - Level 7.4 Invocations


You couldn't memorise any spells.
You knew the following spells:

 Your Spells              Type           Power      Damage    Failure   Level
a - Foxfire               Conj/Fire      100%       2x1d9     1%          1
b - Conjure Flame         Conj/Fire      46%        6-21      2%          3
c - Inner Flame           Hex/Fire       46%        N/A       2%          3
d - Sticky Flame          Conj/Fire      46%        2d6       8%          4
e - Fireball              Conj/Fire      23%        3d11      21%         5
f - Magic Dart            Conj           100%       1d8       1%          1
g - Slow                  Hex            46%        N/A       1%          2
h - Frozen Ramparts       Ice            92%        1d11      2%          3
i - Confusing Touch       Hex            46%        N/A       2%          3
Your spell library was empty.

Dungeon Overview and Level Annotations

Branches:
Dungeon (1/1)

Altars:
Ashenzari
Cheibriados
Dithmenos
Elyvilon
Fedhas
Gozag
Hepliaklqana
Kikubaaqudgha
Makhleb
Nemelex Xobeh
Okawaru
Qazlal
Ru
Sif Muna
Trog
Uskayaw
Vehumet
Wu Jian
Xom
Yredelemnul
Zin
The Shining One
Beogh
Jiyva
Lugonu

Annotations:
D Gastronok


Innate Abilities, Weirdness & Mutations

You are immune to poison.
Your flesh is very heat resistant. (rF++)
You are vulnerable to cold. (rC-)
You float through the air rather than walking.
You learn spells naturally, not from books.
Your magical power is your life essence.
You have superior vitality. (+4 HP)


Message History

Casting: Frozen Ramparts (mildly dangerous; 2% risk of failure)
Confirm with . or Enter, or press ? or * to list all spells.
The spell is quite dangerous to cast (21% risk of failure)!
Continue anyway?
Aiming: Fireball (quite dangerous; 21% risk of failure)
Press: ? - help, Shift-Dir - straight line, f - Gastronok
Aim: Gastronok, wearing a +1 hat The fireball explodes!
The fireball engulfs Gastronok!
Gastronok is lightly wounded.
You hear a shout!
Gastronok looks at you while chanting.
You feel yourself slow down.
Casting: Fireball (quite dangerous; 21% risk of failure)
Confirm with . or Enter, or press ? or * to list all spells.
Okay, then.
Casting: Fireball (quite dangerous; 21% risk of failure)
Confirm with . or Enter, or press ? or * to list all spells.
You conjure some foxfire!
Unknown command.
The foxfire hits Gastronok but does no damage.
Gastronok is lightly wounded.
An ogre comes into view. It is wielding a +0 giant club.
Your foxfire dissipates!
The ogre completely misses you. The ogre hits you with a +0 giant club!
There is a huge open gate to the Metal Vault (Medium) here.
The ogre barely misses you.
There is a huge open gate to the Metal Vault (Medium) here.
Gastronok glows a brilliant shade of cerise.
The ogre misses you.
The ogre hits you with a +0 giant club!!
The ogre hits you with a +0 giant club!
* * * LOW HITPOINT WARNING * * *
You feel much better. The ogre misses you.
Gastronok waves his eye-stalks in wide circles.
The air twists around and strikes you!!
* * * LOW HITPOINT WARNING * * *
Gastronok mumbles some strange words.
The ogre barely misses you.
The ogre hits you with a +0 giant club!!
You die...

############ #_________.#
#_________.#
#_______...###########++#####
##########'##................
#.?(.')))'.##......#..#......
##########.##................
#...........@O...............
#'#####'#####......#..#......
#.#..#...'.##..).............
#.#..#...#.#####'#####w'#####
#.#..#####.##.......##''###
#.#..')..#.##.......##..w.# .
#)#..)...'.##.......##...##..
#.#..########...<...##..##§..
#.#..'.)))[##.......##..#§..#


You could see an ogre.

Vanquished Creatures
  A cyclops (D)
  A deep elf zephyrmancer (D)
  An efreet (D)
  A red devil (D)
  A floating eye (D)
  An ogre (D)
  2 centaurs (D)
  A phantom (D)
  2 gnoll sergeants (D)
  A scorpion (D)
  2 orc priests (D)
  7 gnolls (D)
  2 adders (D)
  A river rat (D)
  An ufetubus (D)
  An adder skeleton (D)
  2 orcs (D)
  2 endoplasms (D)
  2 hobgoblins (D)
  A frilled lizard (D)
  A rat (D)
34 creatures vanquished.

Vanquished Creatures (others)
  An endoplasm (D)
  20 foxfires (D)
21 creatures vanquished.

Grand Total: 55 creatures vanquished

Notes
Turn   | Place    | Note
-------+----------+-------------------------------------------
     0 | D        | rocky1 the Djinni Fire Elementalist began the quest for the
                  | Orb.
     0 | D        | Reached XP level 1. HP: 15/15 MP: 0/0
    19 | D        | Found a bloodstained altar of Trog.
    19 | D        | Found a viscous altar of Jiyva.
    19 | D        | Found a hazy altar of Hepliaklqana.
    19 | D        | Found an opulent altar of Gozag.
    44 | D        | Found a glowing golden altar of the Shining One.
    44 | D        | Found a glowing silver altar of Zin.
    44 | D        | Found a basalt altar of Yredelemnul.
    44 | D        | Found a shimmering altar of Xom.
    44 | D        | Found an ornate altar of the Wu Jian Council.
    44 | D        | Found a sacrificial altar of Ru.
    44 | D        | Found a stormy altar of Qazlal.
    44 | D        | Found an iron altar of Okawaru.
    44 | D        | Found a sparkling altar of Nemelex Xobeh.
    44 | D        | Found a burning altar of Makhleb.
    44 | D        | Found a blossoming altar of Fedhas.
    44 | D        | Found a white marble altar of Elyvilon.
    44 | D        | Found a shadowy altar of Dithmenos.
    44 | D        | Found a snail-covered altar of Cheibriados.
    47 | D        | Found a corrupted altar of Lugonu.
    48 | D        | Found a hide-covered altar of Uskayaw.
    48 | D        | Found a broken altar of Ashenzari.
    54 | D        | Became a worshipper of Makhleb the Destroyer
    72 | D        | Noticed a scorpion
    78 | D        | Killed a scorpion
    79 | D        | Reached skill level 4 in Dodging
    79 | D        | Reached XP level 2. HP: 11/24 MP: 0/0
    79 | D        | Reached XP level 3. HP: 13/29 MP: 0/0
    79 | D        | Learned a level 1 spell: Magic Dart
    79 | D        | Reached XP level 4. HP: 15/34 MP: 0/0
   297 | D        | Reached * piety under Makhleb
   462 | D        | Reached ** piety under Makhleb
   467 | D        | Reached skill level 5 in Dodging
   467 | D        | Reached XP level 5. HP: 28/40 MP: 0/0
   467 | D        | Learned a level 2 spell: Slow
   470 | D        | Reached *** piety under Makhleb
   749 | D        | Noticed a centaur
   749 | D        | Noticed a phantom
   749 | D        | Noticed an ogre
   753 | D        | Noticed a floating eye
   762 | D        | Paralysed by a floating eye for 4 turns
   769 | D        | Killed a phantom
   771 | D        | Reached skill level 5 in Spellcasting
   771 | D        | Reached XP level 6. HP: 48/48 MP: 0/0
   771 | D        | Paralysed by a floating eye for 2 turns
   776 | D        | Reached skill level 5 in Fighting
   776 | D        | Reached skill level 5 in Armour
   776 | D        | Reached skill level 6 in Dodging
   779 | D        | Paralysed by a floating eye for 4 turns
   784 | D        | Killed a floating eye
   784 | D        | Reached **** piety under Makhleb
   921 | D        | Reached skill level 5 in Invocations
   921 | D        | Reached XP level 7. HP: 26/54 MP: 0/0
   921 | D        | Learned a level 3 spell: Frozen Ramparts
  1333 | D        | Noticed a cyclops
  1338 | D        | Killed a cyclops
  1339 | D        | Reached skill level 7 in Dodging
  1339 | D        | Reached XP level 8. HP: 50/62 MP: 0/0
  1701 | D        | Reached ***** piety under Makhleb
  1859 | D        | Noticed a deep elf zephyrmancer
  1873 | D        | Killed a deep elf zephyrmancer
  1874 | D        | Reached skill level 8 in Dodging
  1884 | D        | HP: 3/64 [gnoll sergeant/+0 spear (8)]
  1886 | D        | HP: 1/64 [gnoll sergeant/+0 spear (15)]
  1887 | D        | Reached ****** piety under Makhleb
  2285 | D        | Noticed a red devil
  2285 | D        | Noticed an efreet
  2303 | D        | Killed a red devil
  2304 | D        | Reached skill level 9 in Dodging
  2304 | D        | Reached XP level 9. HP: 64/70 MP: 0/0
  2304 | D        | Learned a level 3 spell: Confusing Touch
  2307 | D        | Killed an efreet
  2331 | D        | Noticed Gastronok
  2352 | D        | Slain by an ogre

Illustrated notes

Levels and vault maps discovered:
D:        pitsprint [storerooms_1, entrance_room_1, metal_vault_7, armoury_2,
          mini_pit_1, grid_room_1, main_hall_1, silver_pit, the_coven_2,
          the_vestibule_1, steel_vault_2, golden_pit, hallway_of_sentries,
          crystal_vault_1, iron_vault_4, final_vault]

Skill      XL: |  1  2  3  4  5  6  7  8  9 |
---------------+----------------------------+-----
Spellcasting   | 3 4 5 6 7 8 |  8.0
Fighting       | 2 3 4 5 6 7 8 |  8.2
Long Blades    | 2 3 4 7 8 |  8.7
Armour         | 2 3 4 5 6 7 |  7.3
Dodging        | 4 5 6 7 9 |  9.5
Invocations    | 2 3 4 5 6 7 |  7.4
Stealth        | |  1.8

Action                   |  1- 3 |  4- 6 |  7- 9 || total
-------------------------+-------+-------+-------++-------
Melee: Falchion          |     3 |    17 |       ||    20
       Unarmed           |     1 |       |       ||     1
       Long sword        |       |    17 |    22 ||    39
       Scimitar          |       |       |     6 ||     6
 Cast: Foxfire           |     4 |     7 |     1 ||    12
       Frozen Ramparts   |       |       |     5 ||     5
       Sticky Flame      |       |       |     2 ||     2
       Fireball          |       |       |     3 ||     3
  Use: Potion            |       |     4 |     7 ||    11
       Scroll            |       |     1 |       ||     1
Armor: Robe              |     1 |     4 |     3 ||     8
       Ring mail         |       |       |     1 ||     1
Dodge: Dodged            |     4 |    23 |    37 ||    64
       Rpst.: Falchion   |     2 |     5 |       ||     7
       Long sword        |       |     1 |     6 ||     7
       Scimitar          |       |       |     1 ||     1

Table legend: (Time is in decaauts)
 A = Elapsed time spent in this place.
 B = Non-inter-level travel time spent in this place.
 C = Inter-level travel time spent in this place.
 D = Time resting spent in this place.
 E = Time spent auto-exploring this place.
 F = Levels seen in this place.
 G = Mean time per level.
                   A        B        C        D        E       F      G
               +--------+--------+--------+--------+--------+-----+--------+
         Total |   2377 |   2309 |     68 |   1883 |      0 |   1 | 2377.0 |
       Dungeon |   2377 |   2309 |     68 |   1883 |      0 |   1 | 2377.0 |
               +--------+--------+--------+--------+--------+-----+--------+

Top non-repeatable levels by time:
       D: 2377 daAuts
